 Dungeon Crawl Stone Soup version 0.17.1-3-g152610e (webtiles) character file.

19623 inmateoo the Cleaver (level 12, 0/95 HPs)
             Began as a Demonspawn Venom Mage on Mar 9, 2016.
             Was a High Priest of Okawaru.
             Slain by an ice devil (2 damage)
             ... in an ice cave.
             The game lasted 00:20:11 (13311 turns).

inmateoo the Cleaver (Demonspawn Venom Mage)       Turns: 13311, Time: 00:20:12

Health: 0/95       AC: 24    Str: 13    XL:     12   Next: 38%
Magic:  0/26       EV:  8    Int: 16    God:    Okawaru [*****.]
Gold:   1667       SH:  5    Dex: 15    Spells: 2 memorised, 11 levels left

rFire  + . .     SeeInvis .     b - +3 broad axe (elec)
rCold  + . .     Clarity  .     A - +2 chain mail {rF+}
rNeg   . . .     SustAt   .     a - +0 buckler
rPois  +         Gourm    .     (helmet restricted)
rElec  .         Spirit   +     v - +0 cloak (curse)
rCorr  .         Warding  .     B - +0 pair of gloves {archery}
rMut   .         Stasis   .     r - +0 pair of boots
MR     ++...                    q - amulet of guardian spirit
Stlth  ..........               u - +5 ring of protection
                                h - ring of magical power

@: about to teleport, very resistant to hostile enchantments, extremely
unstealthy
A: antennae 2, icy blue scales 2, cold resistance 1, foul stench 2, magic
resistance 2, poison resistance, screaming 1, spiny 2, wild magic 1, rot
immunity
a: Heroism, Finesse, Renounce Religion


You were in an ice cave.
You worshipped Okawaru.
Okawaru was extremely pleased with you.
You were not hungry.

You visited 2 branches of the dungeon, and saw 14 of its levels.
You also visited: Ice Cave.

You collected 1667 gold pieces.

Inventory:

Hand Weapons
 b - a +3 broad axe of electrocution (weapon)
 k - a +4 hand axe of flaming
Armour
 a - a +0 buckler (worn)
 r - a +0 pair of boots (worn)
 v - a cursed +0 cloak (worn)
 A - a +2 chain mail of fire resistance (worn)
 B - a +0 pair of gloves of archery (worn)
Jewellery
 h - a ring of magical power (left hand)
 q - an amulet of guardian spirit (around neck)
 s - an uncursed ring of teleportation
 u - a +5 ring of protection (right hand)
Wands
 m - a wand of random effects (34)
 w - a wand of digging (11)
 y - a wand of random effects (13)
 H - a wand of fireball (3)
Scrolls
 e - a scroll of amnesia
 n - 5 scrolls of remove curse
 t - a scroll of identify
 z - 3 scrolls of enchant armour
 D - a scroll of teleportation
Potions
 o - 3 potions of flight
 x - a potion of cure mutation
Miscellaneous
 d - a plain deck of wonders
Comestibles
 c - 3 bread rations
 g - 2 meat rations
 i - a beef jerky
 j - a slice of pizza
 I - 24 fruits


   Skills:
 + Level 9.0 Fighting
 * Level 10.9(11.0) Axes
   Level 0.8(7.0) Maces & Flails
 + Level 7.7 Armour
 + Level 8.0 Dodging
 - Level 1.7 Stealth
 - Level 4.6 Shields
 - Level 2.0 Spellcasting
   Level 4.0 Poison Magic
 + Level 7.7 Invocations


You had 11 spell levels left.
You knew the following spells:

 Your Spells              Type           Power        Failure   Level  Hunger
a - Repel Missiles        Chrm/Air       #.....       100%        2    ###....
b - Blink                 Tloc           N/A          100%        2    ###....


Dungeon Overview and Level Annotations

Branches:
Dungeon (13/15)            Temple (1/1) D:7            Lair (0/8) D:9
    Orc (0/4) D:11
 Vaults: D:13-14

Altars:
Ashenzari
Cheibriados
Dithmenos
Elyvilon
Fedhas
Gozag
Kikubaaqudgha
Makhleb
Nemelex Xobeh
Okawaru
Qazlal
Ru
Sif Muna
Trog
Vehumet
Xom
Yredelemnul
Zin
The Shining One

Annotations:
IceCv exclusion: 2 ice statues


Innate Abilities, Weirdness & Mutations

You have a pair of antennae on your head.
You are mostly covered in icy blue scales (AC +3, EV -1).
You frequently emit foul miasma when damaged in melee.
You are mostly covered in sharp spines.
You are immune to rotting.
Your flesh is cold resistant.
You are highly resistant to hostile enchantments.
Your system is resistant to poisons.
You occasionally shout uncontrollably at your foes.
Your spells are a little harder to cast, but a little more powerful.


Message History

The blue devil hits you but does no damage.
Unknown command.
Unknown command.
You open the door.
The blue devil hits you but does no damage.
Unknown command.
The ice beast is struck by your spines.
The ice beast hits you but does no damage.
The blue devil swoops through the air toward you!
You block the blue devil's attack.
There is an open door here.
Unknown command.
Unknown command.
Read which item? (? for menu, Esc to quit)
As you read the scroll of teleportation, it crumbles to dust.
You feel strangely unstable. You block the ice beast's attack.
The blue devil hits you!
* * * LOW HITPOINT WARNING * * *
The ice devil is struck by your spines. The ice devil hits you.
You die...

#...............#
#...............#
#.......⌠.......#
#...............#
#.......Y.......#
##.....4Y4.....##
#.####3YY####.#
###44#Y3.#33###
#.4##@##{4#
##+#.4.# # #...#
#...# {#...#{
#...# ..... 8...8


You could see 2 ice devils, 3 blue devils and 5 ice beasts.

Vanquished Creatures
  Fannar (D:11)
  Harold (D:11)
  The ghost of kaze the Spear-Bearer, a journeyman DsBe of Trog (D:12)
  A hydra (D:11)
  An ice devil (IceCv)
  An unseen horror (D:11)
  A flayed ghost (D:12)
  3 hill giants
  3 cyclopes
  A manticore (D:12)
  An ugly thing (D:12)
  A gargoyle (D:12)
  3 trolls
  7 slime creatures (D:12)
  A trapdoor spider (D:12)
  A shadow (D:12)
  Sigmund (D:2)
  7 yaks (D:11)
  A deep elf mage (D:10)
  3 hippogriffs
  2 vampire mosquitoes (D:12)
  2 hungry ghosts
  2 soldier ants (D:11)
  3 wargs (D:9)
  Edmund (D:6)
  A water moccasin (D:10)
  A swamp drake (D:11)
  6 ice beasts
  6 sky beasts
  9 ogres
  4 orc warriors
  A black bear (D:9)
  A wasp (D:11)
  7 centaurs
  A phantom (D:7)
  2 big kobolds
  4 giant frogs
  A wyvern zombie (D:12)
  A gnoll sergeant (D:10)
  4 scorpions
  6 killer bees (D:10)
  4 wights (D:11)
  3 crimson imps
  7 hounds
  2 giant frog zombies
  3 giant frog skeletons
  2 quasits
  3 jellies
  7 orc priests
  2 iguanas
  2 centaur zombies
  Terence (D:2)
  18 orc wizards
  9 worker ants
  Natasha (thrice) (D:4)
  3 hound skeletons
  A hound zombie (D:11)
  9 adders
  3 gnolls (D:10)
  2 shadow imps
  12 white imps (D:13)
  An ooze (D:1)
  An adder skeleton (D:6)
  3 worms
  44 orcs
  2 ball pythons
  9 bats
  11 giant cockroaches
  14 hobgoblins
  7 jackals
  5 quokkas
  4 giant geckos
  5 giant newts
  8 goblins
  13 kobolds
  A quokka zombie (D:8)
  6 rats
335 creatures vanquished.

Vanquished Creatures (others)
  An orc wizard (D:9)
1 creature vanquished.

Grand Total: 336 creatures vanquished

Notes
Turn   | Place    | Note
--------------------------------------------------------------
     0 | D:1      | inmateoo the Demonspawn Venom Mage began the quest for the Orb.
     0 | D:1      | Reached XP level 1. HP: 13/13 MP: 3/3
   204 | D:1      | Reached skill level 1 in Fighting
   244 | D:1      | Gained mutation: You are partially covered in icy blue scales (AC +1). [demonic ancestry]
   244 | D:1      | Reached XP level 2. HP: 19/21 MP: 0/5
   757 | D:1      | Gained mutation: You are mostly covered in icy blue scales (AC +3, EV -1). [demonic ancestry]
   757 | D:1      | Reached XP level 3. HP: 19/27 MP: 6/6
  1253 | D:2      | Noticed Terence
  1516 | D:2      | Killed Terence
  1516 | D:2      | Reached skill level 1 in Armour
  1516 | D:2      | Gained mutation: You are immune to rotting. [demonic ancestry]
  1516 | D:2      | Reached XP level 4. HP: 31/34 MP: 7/7
  1555 | D:2      | Found a white marble altar of Elyvilon.
  1570 | D:2      | Reached skill level 1 in Axes
  1877 | D:2      | Noticed Sigmund
  1898 | D:2      | Killed Sigmund
  1898 | D:2      | Reached skill level 1 in Shields
  1898 | D:2      | Gained mutation: You have a pair of small antennae on your head. [demonic ancestry]
  1898 | D:2      | Reached XP level 5. HP: 28/40 MP: 8/8
  2383 | D:2      | Gained mutation: You are partially covered in sharp spines. [demonic ancestry]
  2383 | D:2      | Reached XP level 6. HP: 47/47 MP: 9/9
  2817 | D:3      | Found a sacrificial altar of Ru.
  3380 | D:4      | Found a sparkling altar of Nemelex Xobeh.
  3642 | D:4      | Found a glowing silver altar of Zin.
  3642 | D:4      | Found a burning altar of Makhleb.
  3643 | D:4      | Noticed a green death
  3643 | D:4      | Noticed an angel
  3785 | D:4      | Noticed Natasha
  3794 | D:4      | Killed Natasha
  3895 | D:4      | Reached XP level 7. HP: 44/52 MP: 10/10
  4376 | D:4      | Noticed Natasha
  4384 | D:4      | Killed Natasha
  4422 | D:4      | Noticed Natasha
  4427 | D:4      | Killed Natasha
  4793 | D:5      | Entered Level 5 of the Dungeon
  5321 | D:6      | Gained mutation: You have a pair of antennae on your head. [demonic ancestry]
  5321 | D:6      | Reached XP level 8. HP: 38/60 MP: 11/11
  6012 | D:6      | Reached skill level 5 in Axes
  6036 | D:6      | Noticed Edmund
  6056 | D:6      | Killed Edmund
  6284 | D:6      | Found a snail-covered altar of Cheibriados.
  6284 | D:6      | Found a basalt altar of Yredelemnul.
  6285 | D:6      | Found a shattered altar of Ashenzari.
  6286 | D:6      | Found an opulent altar of Gozag.
  6507 | D:7      | Reached skill level 5 in Fighting
  6561 | D:7      | Reached skill level 6 in Axes
  6561 | D:7      | Gained mutation: You are mostly covered in sharp spines. [demonic ancestry]
  6561 | D:7      | Reached XP level 9. HP: 66/68 MP: 12/12
  6566 | D:7      | Identified a scroll of acquirement
  6738 | D:7      | Gained mutation: Your system is resistant to poisons. [mutagenic meat]
  6739 | D:7      | Gained mutation: You are resistant to hostile enchantments. [mutagenic meat]
  6740 | D:7      | Gained mutation: You possess an exceptional clarity of mind. [mutagenic meat]
  6741 | D:7      | Gained mutation: Your spells are a little harder to cast, but a little more powerful. [mutagenic meat]
  6878 | D:7      | Found a staircase to the Ecumenical Temple.
  6967 | Temple   | Entered the Ecumenical Temple
  6971 | Temple   | Became a worshipper of Warmaster Okawaru
  7846 | D:9      | Reached skill level 7 in Axes
  7846 | D:9      | Reached skill level 5 in Dodging
  7904 | D:9      | Reached * piety under Okawaru
  8076 | D:9      | Found a staircase to the Lair.
  8089 | D:9      | Reached skill level 5 in Armour
  8093 | D:9      | Reached XP level 10. HP: 36/76 MP: 13/13
  8333 | D:9      | Reached ** piety under Okawaru
  8748 | D:10     | Entered Level 10 of the Dungeon
  8765 | D:10     | You fall through a shaft for 2 floors!
  8765 | D:12     | Noticed a flayed ghost
  8765 | D:12     | Noticed a cyclops
  8765 | D:12     | Noticed a cyclops
  8765 | D:12     | Noticed a hill giant
  8767 | D:12     | Noticed a cyan ugly thing
  8903 | D:12     | Noticed a manticore
  8926 | D:12     | Killed a manticore
  8926 | D:12     | Reached skill level 8 in Axes
  8926 | D:12     | Reached skill level 1 in Invocations
  8974 | D:12     | Noticed a manticore
  9340 | D:11     | Killed an unseen horror
  9340 | D:11     | Reached *** piety under Okawaru
  9583 | D:10     | Found a glowing golden altar of the Shining One.
  9873 | D:10     | Reached **** piety under Okawaru
 10189 | D:11     | Noticed Harold
 10204 | D:11     | Killed Harold
 10204 | D:11     | Reached skill level 9 in Axes
 10204 | D:11     | Gained mutation: You may emit foul miasma when damaged in melee. [demonic ancestry]
 10204 | D:11     | Reached XP level 11. HP: 77/84 MP: 14/14
 10348 | D:11     | Reached ***** piety under Okawaru
 10433 | D:11     | Noticed a four-headed hydra
 10450 | D:11     | Killed a ten-headed hydra
 10450 | D:11     | Reached skill level 5 in Invocations
 10833 | D:11     | Received a gift from Okawaru
 10886 | D:11     | Noticed a cyclops
 10888 | D:11     | Noticed Fannar
 10901 | D:11     | Killed a cyclops
 10909 | D:11     | Noticed a hill giant
 10933 | D:10     | Gained mutation: You occasionally shout uncontrollably at your foes. [mutagenic meat]
 10934 | D:10     | Gained mutation: You are highly resistant to hostile enchantments. [mutagenic meat]
 10936 | D:10     | Lost mutation: You possess an exceptional clarity of mind. [mutagenic meat]
 10937 | D:10     | Gained mutation: Your flesh is cold resistant. [mutagenic meat]
 11467 | D:11     | Killed a hill giant
 11476 | D:11     | Killed Fannar
 11524 | D:11     | Noticed a hill giant
 11526 | D:11     | Found a staircase to the Orcish Mines.
 11534 | D:11     | Killed a hill giant
 11534 | D:11     | Reached skill level 10 in Axes
 11779 | D:11     | Found a sparkling altar of Nemelex Xobeh.
 12058 | D:12     | Killed a cyclops
 12058 | D:12     | Received a gift from Okawaru
 12487 | D:12     | Killed a cyan ugly thing
 12487 | D:12     | Received a gift from Okawaru
 12519 | D:12     | Killed a hill giant
 12547 | D:11     | Learned a level 2 spell: Repel Missiles
 12550 | D:11     | Learned a level 2 spell: Blink
 12827 | D:12     | Gained mutation: You frequently emit foul miasma when damaged in melee. [demonic ancestry]
 12827 | D:12     | Reached XP level 12. HP: 88/94 MP: 17/17
 12834 | D:12     | Killed a cyclops
 12874 | D:12     | Killed a flayed ghost
 12908 | D:12     | Noticed kaze's ghost (journeyman DsBe)
 12998 | D:12     | Killed kaze's ghost
 13008 | D:12     | Received a gift from Okawaru
 13241 | D:13     | Found a frozen archway.
 13280 | IceCv    | Entered an ice cave
 13305 | IceCv    | HP: 4/95 [blue devil (8)]
 13311 | IceCv    | HP: 2/95 [blue devil (10)]
 13311 | IceCv    | Slain by an ice devil

Action                   |  1- 3 |  4- 6 |  7- 9 | 10-12 || total
-------------------------+-------+-------+-------+-------++-------
Melee: Whip              |    72 |       |       |       ||    72
       Unarmed           |     1 |       |       |       ||     1
       Hand axe          |    87 |   167 |   281 |   534 ||  1069
       Broad axe         |       |       |       |    55 ||    55
 Cast: Sting             |    27 |     4 |       |       ||    31
Evoke: Wand              |       |       |       |     7 ||     7
  Use: Scroll            |       |    13 |    10 |    10 ||    33
       Potion            |       |     1 |     2 |     6 ||     9
 Stab: Distracted        |     1 |       |       |     1 ||     2
       Sleeping          |       |     1 |       |       ||     1
  Eat: Chunk             |     3 |     8 |    16 |    13 ||    40
       Beef jerky        |       |       |     1 |     4 ||     5
       Pizza             |       |       |       |     1 ||     1
       Meat ration       |       |       |       |     1 ||     1
